 Dungeon Crawl Stone Soup version 0.25-a0-458-g6fc7858b95 (webtiles) character file.

Game seed: 12583802650147282623, levelgen mode: deterministic

469 Hasart the Cudgeler (level 7, -5/48 HPs)
             Began as an Octopode Fighter on Feb 2, 2020.
             Slain by a gnoll
             ... wielding a +0 spear
              (8 damage)
             ... on level 5 of the Dungeon.
             The game lasted 00:07:46 (3131 turns).

Hasart the Cudgeler (Octopode Fighter)              Turns: 3131, Time: 00:07:47

Health: -5/48      AC:  1    Str: 15    XL:     7   Next: 9%
Magic:  0/7        EV: 12    Int: 12    God:
Gold:   134        SH:  9    Dex: 12    Spells: 6/6 levels left

rFire    . . .     SeeInvis +   a - +0 flail
rCold    . . .     Gourm    .   b - +0 shield
rNeg     . . .     Faith    .   (helmet restricted)
rPois    .         Spirit   +   l - amulet of guardian spirit (curse)
rElec    .         Reflect  .   s - ring of see invisible
rCorr    .         Harm     .   (no ring)
MR       .....                  (no ring)
Stlth    ++........             (no ring)
HPRegen  0.16/turn              (no ring)
MPRegen  0.10/turn              (no ring)
                                (no ring)
                                (no ring)

@: no status effects
A: almost no armour, stealthy swim, amphibious, 8 rings, constrict 8, camouflage
1, gelatinous body 1
a: no special abilities


You were on level 5 of the Dungeon.
You were not hungry.

You visited 1 branch of the dungeon, and saw 6 of its levels.

You collected 134 gold pieces.

Inventory:

Hand Weapons
 a - a +0 flail (weapon)
Armour
 b - a +0 shield (worn)
Jewellery
 l - a cursed amulet of guardian spirit (around mantle)
 s - a ring of see invisible (left tentacle)
 w - an uncursed amulet of regeneration {unknown}
Scrolls
 e - a scroll of enchant weapon {unknown}
 g - a scroll of magic mapping {unknown}
 m - 2 scrolls of teleportation {unknown}
 n - 6 scrolls of remove curse {unknown}
 o - 2 scrolls of identify
 t - a scroll of random uselessness {unknown}
Potions
 c - a potion of might
 h - a potion of resistance {unknown}
 i - a potion of degeneration {unknown}
 j - 4 potions of heal wounds {unknown}
 k - a potion of berserk rage {unknown}
 q - a potion of brilliance {unknown}
 r - 2 potions of mutation {unknown}
 u - a potion of ambrosia {unknown}
 v - 2 potions of lignification {unknown}
Comestibles
 d - 7 rations


   Skills:
 + Level 4.1 Fighting
 * Level 4.6 Maces & Flails
 + Level 2.4 Throwing
 + Level 4.1 Dodging
 + Level 4.1 Shields


You had 6 spell levels left.
You didn't know any spells.
Your spell library was empty.

Dungeon Overview and Level Annotations

Branches:
Dungeon (6/15)
 Temple: D:4-7

Altars:
Fedhas
Zin

Annotations:
D:2 exclusion: oklob plant


Innate Abilities, Weirdness & Mutations

You cannot wear most types of armour.
You are very stealthy in the water. (Stealth+)
You are amphibious.
You can wear up to eight rings at the same time.
You can use your tentacles to constrict eight enemies at once.
Your skin changes colour to match your surroundings (Stealth+).
Your rubbery body absorbs attacks. (AC +1, EV +1)


Message History

The gnoll sergeant draws strength from your wounds!
You block the gnoll's attack.
You hit the gnoll sergeant. You grab the gnoll sergeant.
The gnoll sergeant is lightly wounded.
You constrict the gnoll sergeant. The gnoll completely misses you.
The gnoll sergeant hits you with a +2 vampiric spear.
* * * LOW HITPOINT WARNING * * *
You block the gnoll's attack. x2
Unknown command.
You hit the gnoll sergeant.
The gnoll sergeant is heavily wounded.
You constrict the gnoll sergeant. You block the gnoll sergeant's attack.
The gnoll closely misses you. x2
Unknown command.
You hit the gnoll sergeant but do no damage.
The gnoll sergeant is heavily wounded.
You constrict the gnoll sergeant, but do no damage.
The gnoll sergeant barely misses you.
The gnoll hits you from afar with a +0 spear!
You die...

## .### ## #####...#
"...###g......#
.(..gg.@.....### .
#.#..g#....#.#.## #####.
...##.#......#..###..#..
. #.............#...[.
.....#...............##
.#..##...#.............
#......###............
#..#..## #..........#.
## #................#


You could see a gnoll sergeant and 3 gnolls.

Vanquished Creatures
  An ogre (D:6)
  A bullfrog (D:6)
  A scorpion (D:6)
  A jelly (D:5)
  3 orc wizards (D:3)
  An orc priest (D:3)
  A gnoll (D:5)
  5 adders
  2 worms (D:3)
  A dart slug (D:2)
  2 leopard geckos
  An orc (D:3)
  12 bats
  2 giant cockroaches (D:2)
  5 goblins
  8 hobgoblins
  2 quokkas
  4 frilled lizards
  A jackal skeleton (D:5)
  8 kobolds
  9 rats
71 creatures vanquished.

Notes
Turn   | Place    | Note
-------+----------+-------------------------------------------
     0 | D:1      | Hasart the Octopode Fighter began the quest for the Orb.
     0 | D:1      | Reached XP level 1. HP: 16/16 MP: 1/1
   104 | D:1      | Reached XP level 2. HP: 21/21 MP: 2/2
   887 | D:2      | Reached XP level 3. HP: 26/26 MP: 1/3
  1268 | D:2      | Reached XP level 4. HP: 29/31 MP: 4/4
  1397 | D:2      | Reached skill level 1 in Throwing
  1683 | D:2      | Found a blossoming altar of Fedhas.
  1701 | D:2      | Noticed an oklob plant
  2036 | D:3      | Reached XP level 5. HP: 31/36 MP: 5/5
  2612 | D:4      | You fall into a shaft and drop 2 floors!
  2617 | D:6      | Noticed an ogre
  2622 | D:6      | Killed an ogre
  2622 | D:6      | Reached XP level 6. HP: 34/43 MP: 3/6
  2865 | D:5      | Entered Level 5 of the Dungeon
  3055 | D:5      | Found a glowing silver altar of Zin.
  3102 | D:5      | Reached XP level 7. HP: 33/48 MP: 5/7
  3129 | D:5      | HP: 2/48 [gnoll sergeant/+2 vampiric spear (1)]
  3131 | D:5      | Slain by a gnoll

Levels and vault maps discovered:
D:1:      minmay_arrival_four_loops, layout_basic, kennysheep_decorative_pillar,
          feat_on_display
D:2:      layout_loops_ring, first_ration, tgw_fedhas
D:3:      layout_rooms
D:4:      layout_basic, lemuel_zombie_altar_kikubaaqudgha, grunt_qazlal_clouds,
          minmay_temple_entry_hall, uniq_ijyb, uniq_pikel, uniq_menkaure
D:5:      layout_cave_pools, slow_altar_1, kennysheep_little_box,
          portal_sewer_entry_c, nicolae_ossuary_entry_catacombs
D:6:      layout_gridville, lemuel_doored_altar

Skill      XL: |  1  2  3  4  5  6 |
---------------+-------------------+-----
Maces & Flails | 3 4 |  4.6
Throwing       | 1 2 |  2.4
Fighting       | 4 |  4.1
Dodging        | 4 |  4.1
Shields        | 4 |  4.1

Action                   |  1- 3 |  4- 6 |  7- 9 || total
-------------------------+-------+-------+-------++-------
Melee: Flail             |    63 |    80 |     6 ||   149
       Constrict         |    12 |    16 |     2 ||    30
       Tentacles         |     5 |    15 |     1 ||    21
Throw: Javelin           |     4 |     9 |     3 ||    16
  Use: Scroll            |       |     1 |       ||     1
 Stab: Sleeping          |     6 |     4 |       ||    10
       Distracted        |       |     1 |       ||     1
  Eat: Chunk             |     1 |     6 |       ||     7
Armor: Skin              |    11 |     6 |       ||    17
Dodge: Dodged            |    30 |    36 |     5 ||    71
Block: Shield            |    30 |    41 |     7 ||    78

Table legend:
 A = Non-vault XP
 B = Vault XP
 C = Vault XP percentage of total XP
 D = Non-vault monster count
 E = Vault monster count
 F = Vault count percentage of total count
                 A         B        C        D         E       F
            +---------+---------+-------+---------+---------+-------
      Total |     670 |       0 |   0.0 |      71 |       0 |   0.0
            +---------+---------+-------+---------+---------+-------
        D:1 |      23 |       0 |   0.0 |      14 |       0 |   0.0
        D:2 |      83 |       0 |   0.0 |      29 |       0 |   0.0
        D:3 |     204 |       0 |   0.0 |      20 |       0 |   0.0
        D:5 |      58 |       0 |   0.0 |       3 |       0 |   0.0
        D:6 |     302 |       0 |   0.0 |       5 |       0 |   0.0
            +---------+---------+-------+---------+---------+-------
